 Dungeon Crawl Stone Soup version 0.26.1-11-gd32895ea62 (webtiles) character file.

Game seed: 5908653653502039196

218 MajorAdolf the Sneak (level 5, -6/44 HPs)
             Began as a Naga Wanderer on July 15, 2021.
             Mangled by an ogre
             ... wielding a +0 giant club
              (15 damage)
             ... on level 4 of the Dungeon.
             The game lasted 00:05:52 (3821 turns).

MajorAdolf the Sneak (Naga Wanderer)                Turns: 3821, Time: 00:05:52

Health: -6/44      AC:  8    Str: 12    XL:     5   Next: 95%
Magic:  10/10      EV:  7    Int: 16    God:
Gold:   83         SH:  0    Dex: 10    Spells: 7/11 levels left

rFire    + . .     SeeInvis +   l - +3 short sword (speed)
rCold    + . .     Faith    .   (no shield)
rNeg     . . .     Spirit   .   e - +0 robe
rPois    +         Reflect  .   (no helmet)
rElec    .         Harm     .   g - scarf {rC+ rF+}
rCorr    .         Rampage  .   j - +1 pair of gloves
Will     .....                  a - +0 barding
Stlth    +++.......             (no amulet)
HPRegen  0.14/turn              (no ring)
MPRegen  0.12/turn              (no ring)

@: short of breath, hasted, quick
A: large, see invisible, deformed body, poison resistance, slowness 2, spit
poison 1, AC +1
a: Spit Poison


You were on level 4 of the Dungeon.
You visited 1 branch of the dungeon, and saw 4 of its levels.

You collected 83 gold pieces.

Inventory:

Hand Weapons
 l - a +3 short sword of speed (weapon)
Armour
 a - a +0 barding (worn)
 e - a +0 robe (worn)
 g - a scarf of resistance (worn)
 j - a +1 pair of gloves (worn)
Scrolls
 d - 2 scrolls of teleportation
 h - 3 scrolls of identify
 i - a scroll of fog {unknown}
 m - a scroll of amnesia {unknown}
 n - 2 scrolls of remove curse
 o - a scroll of immolation {unknown}
Potions
 b - a potion of haste
 c - a potion of lignification {unknown}
 f - a potion of resistance {unknown}
 k - 2 potions of heal wounds {unknown}
 p - a potion of flight {unknown}


   Skills:
 - Level 1.0 Fighting
 - Level 3.0 Maces & Flails
 - Level 1.0 Armour
 + Level 5.3 Stealth
 - Level 1.0 Shields
 + Level 3.5 Spellcasting
 - Level 1.0 Translocations
 + Level 3.0 Earth Magic


You had 7 spell levels left.
You knew the following spells:

 Your Spells              Type           Power        Failure   Level
a - Sandblast             Erth           24%          5%          1
b - Stone Arrow           Conj/Erth      14%          28%         3

Your spell library contained the following spells:

 Spells                   Type           Power        Failure   Level


Dungeon Overview and Level Annotations

Branches:
Dungeon (4/15)
 Temple: D:4-7

Altars:
Fedhas
Okawaru
Ru
Trog

Shops:
D:4 ??


Innate Abilities, Weirdness & Mutations

You cannot wear boots.
Your serpentine skin is tough. (AC +1)
You have supernaturally acute eyesight. (SInv)
Armour fits poorly on your strangely shaped body.
Your system is resistant to poisons. (rPois)
You cover ground very slowly.
You can spit poison.


Message History

An ogre is nearby!
Press: ? - help, Shift-Dir - straight line, f - ogre
Aim: an ogre, wielding a +0 giant club The splash of poison hits the ogre!
The ogre is poisoned.
The ogre is moderately wounded.
The ogre hits you with a +0 giant club!!
You completely miss the ogre.
The ogre is moderately wounded.
You hit the ogre.
The ogre is heavily wounded.
The ogre hits you with a +0 giant club!
* * * LOW HITPOINT WARNING * * *
Okay, then.
Okay, then.
You feel yourself speed up.
Unknown command.
You barely miss the ogre.
The ogre is heavily wounded.
The ogre hits you with a +0 giant club!
You die...

.# .. #. #. #.##
..# #O## #.#####@.#
#......#.#
######.#.#
#####.#..
#.....+.).
########.....#....
#...∩..'......#..##
#.######......#..#
#.# #...)..#


You could see an ogre (poisoned).

Vanquished Creatures
  An orc priest (D:2)
  An orc wizard (D:3)
  7 adders
  2 worms
  5 dart slugs
  3 leopard geckos
  8 orcs (D:3)
  7 giant cockroaches (D:3)
  8 goblins
  5 hobgoblins
  3 jackals
  A quokka (D:2)
  5 bats
  3 frilled lizards
  8 kobolds
  7 rats
74 creatures vanquished.

Notes
Turn   | Place    | Note
-------+----------+-------------------------------------------
     0 | D:1      | MajorAdolf the Naga Wanderer began the quest for the Orb.
     0 | D:1      | MajorAdolf set off with the following items: a +2 dagger, a
                  | potion of haste, a scroll of teleportation, a +0 robe; and
                  | the following spell memorised: Sandblast; and the following
                  | spells available to memorise: Stone Arrow
     0 | D:1      | Reached XP level 1. HP: 18/18 MP: 3/3
   174 | D:1      | Reached skill level 2 in Stealth
   217 | D:1      | Reached XP level 2. HP: 16/25 MP: 5/5
   563 | D:1      | Reached skill level 1 in Earth Magic
  1280 | D:2      | Reached XP level 3. HP: 31/31 MP: 6/6
  1347 | D:2      | Reached skill level 3 in Stealth
  2331 | D:2      | Reached skill level 4 in Stealth
  2331 | D:2      | Reached XP level 4. HP: 28/38 MP: 6/8
  2341 | D:2      | Learned a level 3 spell: Stone Arrow
  2566 | D:3      | Reached XP level 5. HP: 44/44 MP: 9/9
  3116 | D:3      | Found a blossoming altar of Fedhas.
  3272 | D:3      | Found a sacrificial altar of Ru.
  3350 | D:3      | Reached skill level 5 in Stealth
  3610 | D:3      | Found an iron altar of Okawaru.
  3610 | D:3      | Found a bloodstained altar of Trog.
  3744 | D:4      | Found Wiumil's Magic Scroll Boutique.
  3763 | D:4      | Found Umiloz's Magic Scroll Shop.
  3816 | D:4      | Noticed an ogre
  3821 | D:4      | Mangled by an ogre

Illustrated notes

Levels and vault maps discovered:
D:1:      dpeg_chamrin_arrival_tetris, layout_loops_ring,
          minmay_tree_intersection, minmay_bisected
D:2:      minmay_angry_zag, layout_basic
D:3:      layout_rooms, gammafunk_temple_overflow_pools,
          nicolae_overflow_hidden_temple, nicolae_ru_the_path_less_chosen,
          kennysheep_generic_room_12
D:4:      layout_basic, serial_rivers, chequers_serial_rivers_small_b,
          chequers_serial_rivers_micro_a, chequers_serial_rivers_micro_b,
          chequers_serial_rivers_micro_b, chequers_serial_rivers_micro_d,
          serial_shops, shop, nicolae_shop_stone, shop, nicolae_shop_waterfront,
          minmay_bent

Skill      XL: |  1  2  3  4  5 |
---------------+----------------+-----
Stealth        | 2 4 5 |  5.3
Earth Magic    | 1 2 3 |  3.0
Spellcasting   | 3 |  3.5
Fighting       | |  1.0
Maces & Flails | |  3.0
Armour         | |  1.0
Shields        | |  1.0
Translocations | |  1.0

Action                   |  1- 3 |  4- 6 || total
-------------------------+-------+-------++-------
Melee: Dagger            |    36 |       ||    36
       Short sword       |    37 |   161 ||   198
 Abil: Spit Poison       |    13 |     4 ||    17
  Use: Scroll            |     4 |       ||     4
       Potion            |       |     1 ||     1
 Stab: Sleeping          |     2 |     2 ||     4
Armor: Robe              |    20 |    88 ||   108
Dodge: Dodged            |    36 |    44 ||    80
